 Dungeon Crawl Stone Soup version 0.25.1-2-g60ff931df9 (webtiles) character file.

Game seed: 1002422720090641654

30109 DearestLeader the Earth Mage (level 13, -2/63 HPs)
             Began as a Gargoyle Earth Elementalist on Sept 24, 2020.
             Was a High Priest of Vehumet.
             Slain by a spiny frog (12 damage)
             ... on level 6 of the Lair of Beasts.
             The game lasted 00:47:15 (19659 turns).

DearestLeader the Earth Mage (GrEE)                Turns: 19659, Time: 00:47:15

Health: -2/63      AC: 16    Str: 13    XL:     13   Next: 49%
Magic:  13/25      EV: 16    Int: 20    God:    Vehumet [*****.]
Gold:   669        SH:  0    Dex: 16    Spells: 6/29 levels left

rFire    + . .     SeeInvis .   i - +3 whip (venom)
rCold    + + .     Gourm    .   (no shield)
rNeg     + . .     Faith    .   w - +0 robe {rC+ rF+}
rPois    ∞         Spirit   .   (no helmet)
rElec    +         Reflect  .   I - +0 cloak
rCorr    .         Harm     .   y - +0 pair of gloves
MR       .....                  e - +2 pair of boots
Stlth    ++........             t - amulet of magic regeneration
HPRegen  0.20/turn              M - ring of protection from cold
MPRegen  0.44/turn              o - +6 ring of dexterity

@: no status effects
A: negative energy resistance 1, electricity resistance, unbreathing,
petrification resistance, rot immunity, AC +9
a: Renounce Religion


You were on level 6 of the Lair of Beasts.
You worshipped Vehumet.
Vehumet was extremely pleased with you.
You were not hungry.

You visited 3 branches of the dungeon, and saw 17 of its levels.

You collected 669 gold pieces.

Inventory:

Hand Weapons
 i - a +3 whip of venom (weapon)
 K - a +1 whip of holy wrath
 U - the +1 rapier of Integrity {freeze, +Fly, unknown}
   (You found it on level 1 of the Lair of Beasts)

   It has been specially enchanted to freeze those struck by it, causing extra
   injury to most foes and up to half again as much damage against particularly
   susceptible opponents.
   It can also slow down cold-blooded creatures.
   It lets you fly.
Missiles
 b - 271 stones (quivered)
Armour
 e - a +2 pair of boots (worn)
 n - a +0 robe of fire resistance
 w - a +0 robe of resistance (worn)
 y - a +0 pair of gloves (worn)
 I - a +0 cloak (worn)
 T - +0 steam dragon scales
Magical Staves
 C - an uncursed staff of death {unknown}
Jewellery
 h - an uncursed ring of protection from cold
 o - a +6 ring of dexterity (right hand)
 t - an amulet of magic regeneration (around neck)
 M - a ring of protection from cold (left hand)
 R - a +4 ring of protection {unknown}
Wands
 s - a wand of enslavement (13)
 F - a wand of iceblast (7)
 Q - a wand of polymorph (17)
 V - a wand of acid (9)
 W - a wand of paralysis (9)
Scrolls
 a - 2 scrolls of immolation
 c - 2 scrolls of brand weapon
 f - a scroll of fear
 k - 5 scrolls of magic mapping
 p - 2 scrolls of blinking
 x - a scroll of holy word
 B - 3 scrolls of remove curse
 D - a scroll of teleportation
 G - a scroll of vulnerability {unknown}
 H - 2 scrolls of amnesia
 J - 2 scrolls of noise {unknown}
 L - 2 scrolls of enchant weapon
 O - 2 scrolls of enchant armour {unknown}
 S - a scroll of silence {unknown}
Potions
 g - a potion of mutation
 j - 3 potions of might
 l - 4 potions of lignification
 m - 3 potions of stabbing
 q - 2 potions of berserk rage
 r - 7 potions of curing
 u - 7 potions of flight
 v - a potion of cancellation {unknown}
 z - 7 potions of degeneration
 A - 6 potions of heal wounds
 E - 3 potions of brilliance
 N - 3 potions of haste
 P - a potion of magic {unknown}
 X - 2 potions of ambrosia {unknown}
Comestibles
 d - 32 rations
 Y - 3 chunks of flesh


   Skills:
 + Level 5.6 Dodging
 - Level 2.1 Stealth
 + Level 8.5 Spellcasting
 + Level 9.8 Conjurations
 * Level 4.5 Charms
 - Level 0.7 Transmutations
 + Level 1.8 Air Magic
 * Level 18.7 Earth Magic


You had 6 spell levels left.
You knew the following spells:

 Your Spells              Type           Power        Failure   Level  Hunger
a - Sandblast             Erth           ######       0%          1    None
b - Passwall              Tmut/Erth      #####...     1%          2    None
c - Stone Arrow           Conj/Erth      ######       1%          3    None
d - Lee's Rapid Deconstr  Erth           ######....   1%          5    #####..
e - Petrify               Tmut/Erth      #####...     1%          4    ###....
f - Swiftness             Chrm/Air       ###.....     3%          2    None
g - Starburst             Conj/Fire      ####......   38%         6    ######.

Your spell library contained the following spells:

 Spells                   Type           Power        Failure   Level  Hunger
 Shock                    Conj/Air       ####         1%          1    None
 Static Discharge         Conj/Air       ####....     1%          3    None
 Lightning Bolt           Conj/Air       ####......   5%          5    #####..
 Beastly Appendage        Tmut           ##....       6%          1    None
 Animate Skeleton         Necr           N/A          9%          1    None
 Apportation              Tloc           #.....       9%          1    None
 Corona                   Hex            #......      9%          1    None
 Pain                     Necr           #...         9%          1    None
 Summon Butterflies       Summ           #.......     9%          1    None
 Summon Small Mammal      Summ           #...         9%          1    None
 Sticks to Snakes         Tmut           ##......     9%          2    None
 Airstrike                Air            ###.......   11%         4    ###....
 Spider Form              Tmut/Pois      #.........   22%         3    None
 Gell's Gravitas          Tloc           #.........   24%         3    None
 Lesser Beckoning         Tloc           #.........   24%         3    None
 Portal Projectile        Hex/Tloc       #.....       24%         3    None
 Tukima's Dance           Hex            #.......     24%         3    None
 Vampiric Draining        Necr           #.........   24%         3    None
 Ice Form                 Ice/Tmut       #.......     56%         4    ###....
 Animate Dead             Necr           N/A          63%         4    ###....
 Blade Hands              Tmut           ##........   86%         5    #####..
 Alistair's Intoxication  Tmut/Pois      #.......     89%         5    #####..
 Agony                    Necr           #.......     92%         5    #####..
 Dispersal                Tloc           #.........   100%        6    ######.
 Invisibility             Hex            #.......     100%        6    ######.
 Controlled Blink         Tloc           N/A          100%        8    #######
 Disjunction              Tloc           #.........   100%        8    #######


Dungeon Overview and Level Annotations

Branches:
Dungeon (10/15)            Temple (1/1) D:6            Lair (6/6) D:10
  Swamp (0/4) Lair:3       Spider (0/4) Lair:3          Orc (0/2) D:10
  Slime: Lair:5-6

Altars:
Ashenzari
Cheibriados
Dithmenos
Elyvilon
Fedhas
Gozag
Hepliaklqana
Kikubaaqudgha
Makhleb
Nemelex Xobeh
Okawaru
Qazlal
Ru
Sif Muna
Trog
Uskayaw
Vehumet
Wu Jian
Xom
Yredelemnul
Zin
The Shining One

Shops:
D:8 (

Annotations:
D:5 1 runed translucent door, Curus's ghost, novice MiBe
Lair:1 exclusion: 2 oklob plants


Innate Abilities, Weirdness & Mutations

You are resistant to torment.
Your stone body is resilient. (AC +9)
You are immune to poison.
You resist negative energy. (rN+)
You are resistant to electric shocks. (rElec)
You can survive without breathing.
You are immune to petrification.
You are immune to rotting.


Message History

Aiming: Stone Arrow (safe; 1% risk of failure)
Press: ? - help, Shift-Dir - straight line, f/p - spiny frog
Aim: a spiny frog (moderately wounded)
The stone arrow hits the spiny frog!
The spiny frog is severely wounded.
The crocodile completely misses you. The spiny frog stings you!
Casting: Stone Arrow (safe; 1% risk of failure)
Confirm with . or Enter, or press ? or * to list all spells.
Aiming: Stone Arrow (safe; 1% risk of failure)
Press: ? - help, Shift-Dir - straight line, f/p - spiny frog
Aim: a spiny frog (severely wounded)
The stone arrow hits the spiny frog!
The spiny frog is almost dead.
The spiny frog stings you!
* * * LOW HITPOINT WARNING * * *
The crocodile bites you!
* * * LOW HITPOINT WARNING * * *
A bullfrog comes into view.
The spiny frog stings you!
You die...

.......#..###...#
...........#.....
#....#P......... .
#...#.P.$÷..!#
..#....P.P.P#..##
..............#.#.
.......÷..........
..................
.....Ht@..........
.#+.P..FF....÷....
#.#####..........
# #..........
#..........
......F....
..........#≈
P.#P.......#


You could see a hippogriff, a spiny frog, a blink frog, a crocodile and a
bullfrog.

Vanquished Creatures
  Rupert (Lair:3)
  2 hydras
  Pikel (D:5)
  A cyclops (D:9)
  An ugly thing (D:10)
  A black mamba (Lair:4)
  Maggie (Lair:2)
  9 spiny frogs
  7 komodo dragons
  6 polar bears
  2 trolls
  6 jumping spiders (Lair:3)
  20 blink frogs
  8 dream sheep (Lair:6)
  A bog body (Lair:3)
  7 hippogriffs
  5 redbacks (Lair:3)
  11 yaks
  A human (D:9)
  4 hogs (D:9)
  6 wyverns (Lair:4)
  A hungry ghost (D:9)
  A steam dragon (Lair:3)
  3 vampire mosquitoes
  2 water moccasins
  A swamp drake (D:10)
  A porcupine (Lair:4)
  2 orc warriors (D:10)
  2 slaves (D:5)
  A black bear (Lair:3)
  A necrophage (D:6)
  6 ice beasts
  2 sky beasts (D:6)
  2 phantoms
  2 centaurs (D:10)
  2 eyes of draining (D:9)
  6 wolves (Lair:4)
  2 ogres
  8 crocodiles
  A big kobold (D:8)
  10 bullfrogs
  3 scorpions
  6 killer bees (D:9)
  7 wights (D:9)
  2 howler monkeys
  8 crimson imps
  Crazy Yiuf (D:7)
  2 jellies
  5 hounds
  2 quasits (D:9)
  4 orc priests
  11 orc wizards
  A bullfrog skeleton (D:5)
  6 worker ants
  3 iguanas
  2 hound zombies (D:9)
  A hound skeleton (D:7)
  6 gnolls
  12 adders
  2 shadow imps
  An ooze (D:7)
  5 worms
  A dart slug (D:2)
  5 leopard geckos
  38 orcs
  3 ball pythons
  5 giant cockroaches
  12 goblins
  3 hobgoblins
  17 jackals
  6 kobolds
  4 quokkas
  7 bats
  7 frilled lizards
  A jackal zombie (D:6)
  A leopard gecko skeleton (D:5)
  2 quokka zombies
  10 rats
  A fungus (Lair:4)
370 creatures vanquished.

Vanquished Creatures (others)
  A slave (D:5)
  A fungus (Lair:4)
  19 plants
21 creatures vanquished.

Grand Total: 391 creatures vanquished

Notes
Turn   | Place    | Note
-------+----------+-------------------------------------------
     0 | D:1      | DearestLeader the Gargoyle Earth Elementalist began the
                  | quest for the Orb.
     0 | D:1      | Reached XP level 1. HP: 10/10 MP: 3/3
   178 | D:1      | Reached skill level 4 in Earth Magic
   534 | D:1      | Reached XP level 2. HP: 15/15 MP: 3/5
  1212 | D:1      | Found an iron altar of Okawaru.
  1559 | D:2      | Noticed a scorpion
  1627 | D:1      | Reached skill level 5 in Earth Magic
  1627 | D:1      | Reached XP level 3. HP: 6/19 MP: 6/6
  2181 | D:2      | Killed a scorpion
  2181 | D:2      | Reached skill level 6 in Earth Magic
  2181 | D:2      | Reached XP level 4. HP: 18/24 MP: 1/7
  2186 | D:2      | Learned a level 2 spell: Passwall
  2190 | D:2      | Learned a level 3 spell: Stone Arrow
  2294 | D:2      | Reached XP level 5. HP: 25/28 MP: 0/8
  2470 | D:2      | Reached skill level 7 in Earth Magic
  2520 | D:2      | Found a white marble altar of Elyvilon.
  3115 | D:3      | Found a glowing golden altar of the Shining One.
  3115 | D:3      | Found a shimmering altar of Xom.
  3118 | D:3      | Found a hide-covered altar of Uskayaw.
  3584 | D:4      | Reached XP level 6. HP: 32/32 MP: 6/9
  3654 | D:4      | Reached skill level 8 in Earth Magic
  4070 | D:4      | You fall into a shaft and drop 2 floors!
  4088 | D:5      | Entered Level 5 of the Dungeon
  4285 | D:5      | Reached skill level 9 in Earth Magic
  4301 | D:5      | Reached XP level 7. HP: 36/36 MP: 6/10
  4369 | D:5      | Reached skill level 10 in Earth Magic
  4682 | D:5      | Noticed Pikel
  4706 | D:5      | Killed Pikel
  4706 | D:5      | Reached skill level 12 in Earth Magic
  4706 | D:5      | Reached XP level 8. HP: 12/41 MP: 6/11
  5355 | D:5      | Found a runed translucent door.
  5358 | D:5      | Noticed Curus's ghost (novice MiBe)
  6040 | D:6      | Reached skill level 13 in Earth Magic
  6174 | D:6      | Reached XP level 9. HP: 36/45 MP: 12/12
  6248 | D:6      | Found a staircase to the Ecumenical Temple.
  6259 | Temple   | Entered the Ecumenical Temple
  6307 | Temple   | Became a worshipper of Vehumet
  6314 | Temple   | Learned a level 5 spell: Lee's Rapid Deconstruction
  6521 | D:6      | Reached skill level 1 in Conjurations
  7078 | D:7      | Reached skill level 14 in Earth Magic
  7388 | D:7      | Found a burning altar of Makhleb.
  7389 | D:7      | Found a shattered altar of Ashenzari.
  7403 | D:7      | Reached * piety under Vehumet
  7403 | D:7      | Offered knowledge of Shock by Vehumet.
  7503 | D:7      | Found a basalt altar of Yredelemnul.
  7578 | D:7      | Found a runed translucent door.
  7579 | D:7      | Noticed Crazy Yiuf
  7637 | D:7      | Killed Crazy Yiuf
  8349 | D:8      | Reached XP level 10. HP: 48/50 MP: 16/16
  8402 | D:8      | Learned a level 4 spell: Petrify
  8672 | D:8      | Found a stormy altar of Qazlal.
  8941 | D:8      | Found Iciblifi's Antique Weapon Shop.
  9367 | D:9      | Offered knowledge of Freeze by Vehumet.
  9367 | D:9      | Reached skill level 15 in Earth Magic
  9388 | D:9      | Reached ** piety under Vehumet
  9419 | D:9      | Reached skill level 5 in Conjurations
  9867 | D:9      | Reached skill level 5 in Spellcasting
 10134 | D:9      | Noticed a cyclops
 10137 | D:9      | Killed a cyclops
 10137 | D:9      | Offered knowledge of Ignite Poison by Vehumet.
 10605 | D:9      | Reached skill level 16 in Earth Magic
 10605 | D:9      | Reached XP level 11. HP: 54/54 MP: 15/19
 10618 | D:9      | Found a shadowy altar of Dithmenos.
 10900 | D:10     | Entered Level 10 of the Dungeon
 11576 | D:10     | Found a staircase to the Lair.
 11639 | D:10     | Found a staircase to the Orcish Mines.
 11652 | D:10     | Reached *** piety under Vehumet
 12016 | D:10     | Noticed a brown ugly thing
 12024 | D:10     | Killed a brown ugly thing
 12328 | Lair:1   | Entered Level 1 of the Lair of Beasts
 12329 | Lair:1   | Noticed an oklob plant
 12356 | Lair:1   | Offered knowledge of Static Discharge by Vehumet.
 12714 | Lair:1   | Noticed an eight-headed hydra
 13109 | Lair:1   | Got a masterwork rapier
 13170 | Lair:1   | Noticed an oklob plant
 13632 | Lair:2   | You fall into a shaft and drop 1 floor!
 13632 | Lair:3   | Noticed Rupert
 14001 | Lair:2   | Reached skill level 17 in Earth Magic
 14019 | Lair:2   | Noticed Maggie
 14108 | Lair:2   | Killed Maggie
 14511 | Lair:2   | Reached XP level 12. HP: 59/59 MP: 13/22
 14741 | Lair:3   | Found a staircase to the Swamp.
 14802 | Lair:3   | Killed Rupert
 15197 | Lair:3   | Found a hole to the Spider Nest.
 15256 | Lair:3   | HP: 1/59 [jumping spider (8)]
 15870 | Lair:3   | Reached **** piety under Vehumet
 16035 | Lair:3   | Learned a level 2 spell: Swiftness
 16225 | Lair:3   | Reached skill level 18 in Earth Magic
 16495 | Lair:4   | Reached skill level 1 in Charms
 16708 | Lair:4   | Reached skill level 5 in Dodging
 16721 | Lair:4   | Offered knowledge of Sticky Flame by Vehumet.
 17036 | Lair:4   | Reached XP level 13. HP: 63/63 MP: 21/25
 18086 | Lair:5   | Reached skill level 1 in Air Magic
 18914 | Lair:6   | Entered Level 6 of the Lair of Beasts
 19305 | Lair:6   | Reached ***** piety under Vehumet
 19305 | Lair:6   | Offered knowledge of Starburst by Vehumet.
 19315 | Lair:5   | Learned a level 6 spell: Starburst
 19659 | Lair:6   | Slain by a spiny frog

Illustrated notes

Levels and vault maps discovered:
D:1:      sevenhm_arrival_forest_fort_small_6, layout_loops_ring,
          chequers_serial_rivers_small_3, minmay_misc_feat_nine_boxes,
          okawaru_ov_weapons_minmay
D:2:      layout_rooms, elyvilon_altar_5
D:3:      layout_rooms, grunt_temple_overflow_open
D:4:      minmay_spotlight, layout_basic, minmay_checkerbox
D:5:      layout_basic, first_ration, gammafunk_ghost_grave,
          kennysheep_small_square, uniq_pikel
D:6:      layout_loops_ring, minmay_temple_entry_statues_fountains,
          supply_closet_lemuel
D:7:      layout_loops_ring, lemuel_doored_altar,
          chequers_temple_overflow_statue_of_worship, uniq_crazy_yiuf_cottage
D:8:      layout_gridville, lemuel_round_altar, serial_shops, shop
D:9:      layout_loops_ring, nicolae_dithmenos_through_a_glass_darkly,
          grunt_livestock, grunt_potential
D:10:     layout_basic, lair_entry_dummy, erik_orc_1
Temple:   dshaligram_water_room_temple
Lair:1:   minmay_lair_oklob_tunnel, layout_chaotic_city, gauntlet_entry_generic,
          minmay_lair_oklob_chamber
Lair:2:   layout_hall_layers, uniq_maggie
Lair:3:   beast_lair_carwin_large_2, layout_regular_city,
          skrybe_swamp_entry_bodies, nicolae_spider_entry_tight_spaces,
          uniq_rupert
Lair:4:   layout_regular_city, beast_lair_carwin_1
Lair:5:   layout_hall_layers
Lair:6:   minmay_lair_end_frog_pond, layout_regular_city, slime_altar_2,
          kennysheep_basilisk_garden

Skill      XL: |  1  2  3  4  5  6  7  8  9 10 11 12 13 |
---------------+----------------------------------------+-----
Earth Magic    | 4 5 6 7 9 12 13 14 16 17 18 | 18.7
Conjurations   | 4 6 8 9 |  9.8
Spellcasting   | 4 5 7 8 |  8.5
Dodging        | 3 5 |  5.6
Charms         | 2 4 |  4.5
Air Magic      | 1 |  1.8
Stealth        | |  2.1
Transmutations | |  0.7

Action                   |  1- 3 |  4- 6 |  7- 9 | 10-12 | 13-15 || total
-------------------------+-------+-------+-------+-------+-------++-------
Melee: Unarmed           |    91 |       |       |       |       ||    91
       Whip              |    37 |   132 |   284 |   315 |    21 ||   789
 Cast: Sandblast         |    17 |    27 |    33 |    97 |    28 ||   202
       Stone Arrow       |       |       |    18 |   120 |    63 ||   201
       Lee's Rapid Decon |       |       |       |    38 |     1 ||    39
       Petrify           |       |       |       |     5 |     1 ||     6
  Use: Scroll            |     5 |     2 |     8 |    13 |     2 ||    30
       Potion            |       |       |       |     2 |       ||     2
 Stab: Sleeping          |     1 |     1 |    10 |     4 |     1 ||    17
       Distracted        |       |       |     1 |       |       ||     1
  Eat: Chunk             |     4 |     8 |    12 |    25 |     2 ||    51
       Ration            |       |       |     1 |     4 |     2 ||     7
Armor: Robe              |    43 |    53 |   128 |   296 |    45 ||   565
Dodge: Dodged            |   100 |   102 |   211 |   398 |    56 ||   867
